Unix NetHack Version 5.0.0-0 post-release - last build Jun 10 2026 00:39:30 (3ee93aec679c4c4259841fe613dc97188e26a321,branch:main).

Game began 2026-06-10 13:39:16, ended 2026-06-10 14:37:23.

DiePARTEI, neutral female human Tourist

   -----
  |....|               ---------
  |....-###            |.......|     |             ---------------
  |....|  #############|.......|  ###.  ..         |.............|
  |..>.|              #.........###  |   .. |      |...).........-##
  -.----              #--.----.- ###   .    -###  #|.............| ##
   ############                         -----  ####..............| ########
              ##                                  #---------------  '  ---.--
               ##                                                   @  |....|
                #                                                   ###.....|
                #                                                      |....|
                ##                                                     |....|
   --------------.-                      ^                             ------
   |...........<...
   |..............|
   |..............|
   ----------------

DiePARTEI the Sightseer     St:12 Dx:11 Co:18 In:13 Wi:8 Ch:12  Neutral
Dlvl:6  $:24 HP:0(55) Pw:19(19) AC:7  Xp:5 T:9661  Fainting Conf

Latest messages:
 The straw golem hits!
 The straw golem hits again!
 The straw golem hits!
 The straw golem hits again!
 The straw golem hits!
 The straw golem hits again!
 The straw golem hits!
 The straw golem hits again!
 The straw golem hits!
 The straw golem hits again!
 The straw golem hits!
 The straw golem hits again!
 The straw golem hits!
 The straw golem hits again!
 The straw golem hits!
 The straw golem hits again!
 The straw golem hits!
 The straw golem hits again!
 The straw golem hits!
 The straw golem hits again!
 The straw golem hits!
 The straw golem hits again!
 The straw golem hits!
 The straw golem hits again!
 The straw golem hits!
 The straw golem hits again!
 The straw golem hits!
 The straw golem hits again!
 The straw golem hits!
 The straw golem hits again!
 The straw golem hits!
 The straw golem hits again!
 The straw golem hits!
 The straw golem hits again!
 The straw golem hits!
 The straw golem hits again!
 The straw golem hits!
 The straw golem hits again!
 The straw golem hits!
 The straw golem hits again!
 The straw golem hits!
 The straw golem hits again!
 The straw golem hits!
 The straw golem hits again!
 You die...
 Do you want your possessions identified? [ynq] (y) y
 Do you want to see your attributes? [ynq] (y) y
 Do you want an account of creatures vanquished? [ynaq] (y) y
 Do you want to see your conduct and achievements? [ynq] (y) y
 Do you want to see the dungeon overview? [ynq] (y) y

Inventory:
 Coins    ('$')
  $ - 24 gold pieces
 Weapons  (')')
  a - 20 blessed +2 darts (at the ready)
  s - 9 blessed +2 darts
  r - 40 +1 darts
  e - the rustproof +2 Trollsbane
 Armor    ('[')
  W - a cursed +0 orcish helm (being worn)
  X - a cursed -2 pair of gauntlets of fumbling
  x - a cursed +0 pair of leather gloves
  Z - a blessed +0 small shield (being worn)
  j - an uncursed +0 Hawaiian shirt with a sea turtle motif (being worn)
  H - a cursed -1 leather armor (being worn)
 Scrolls  ('?')
  J - a blessed scroll of enchant weapon
  b - an uncursed scroll of enchant weapon
  h - a blessed scroll of magic mapping
 Spellbooks  ('+')
  u - a cursed spellbook of force bolt
  G - an uncursed spellbook of healing
 Potions  ('!')
  q - a cursed potion of levitation
  m - a potion of unholy water
 Rings    ('=')
  w - an uncursed ring of cold resistance
  Q - an uncursed ring of conflict
  E - an uncursed ring of levitation
  P - an uncursed ring of searching
  N - an uncursed ring of slow digestion
  M - an uncursed ring of stealth
  T - an uncursed ring of warning
 Wands    ('/')
  V - a cursed wand of fire (0:4)
  C - a wand of striking (0:5)
  d - a cursed wand of striking (0:0)
  o - a cursed wand of teleportation (0:7)
 Tools    ('(')
  K - a cursed blindfold
  l - an uncursed credit card
  k - an expensive camera (0:31)
  Y - an uncursed skeleton key
  U - an uncursed tallow candle
 Gems/Stones  ('*')
  p - an uncursed jade stone
  S - 2 uncursed obsidian stones
  L - a cursed worthless piece of green glass
  F - 2 uncursed worthless pieces of orange glass
  f - an uncursed worthless piece of red glass
  i - 2 uncursed worthless pieces of violet glass
  t - a cursed worthless piece of violet glass
  g - an uncursed worthless piece of yellow glass
  n - an uncursed worthless piece of yellowish brown glass

DiePARTEI the Tourist's attributes:

Background:
 You were a Sightseer, a level 5 female human Tourist.
 You were neutral, on a mission for The Lady
 who was opposed by Blind Io (lawful) and Offler (chaotic).
 You were right-handed.
 You were in the Dungeons of Doom, on level 6.
 You entered the dungeon 9661 turns ago.
 You had 319 experience points, 1 more was needed to attain level 6.

Basics:
 You had 0 out of 55 hit points.
 You had all 19 energy points (spell power).
 Your armor class was 7.
 Your wallet contained 24 zorkmids.
 Autopickup was off.

Final Characteristics:
 Your strength was 12 (base:13, limit:18/100).
 Your dexterity was 11 (limit:18).
 Your constitution was 18 (limit:18).
 Your intelligence was 13 (limit:18).
 Your wisdom was 8 (peak:10, limit:18).
 Your charisma was 12 (peak:14, limit:18).

Final Status:
 You were confused.
 You were fainting due to starvation.
 You were unencumbered.
 You were bare handed.
 You had basic skill with bare handed combat.

Final Attributes:
 You were piously aligned.
 You were telepathic.
 You were warded.
 The Lady was angry with you.
 You are dead.

Miscellaneous:
 You encountered 1 bones level.
 Total elapsed playing time was 58 minutes and 5 seconds.

Major events:
 Turn
    1: DiePARTEI the neutral female human Tourist entered the dungeon
 3103: attained the rank of Sightseer (level 3)
 4554: was bestowed with Trollsbane by The Lady
 7013: entered the Gnomish Mines
 9172: attained the rank of Excursionist (level 6)
 9661: killed by a straw golem, while frozen by a potion

Spells:
 Name                 Level Category     Fail Retention
 healing                1   healing       64%   51%-75%

Skills:
 Fighting Skills
   bare handed combat [Basic]
   two weapon combat  [Unskilled]
   riding             [Unskilled]
 Weapon Skills
   dagger             [Unskilled]
   knife              [Unskilled]
   axe                [Unskilled]
   pick-axe           [Unskilled]
   short sword        [Unskilled]
   broadsword         [Unskilled]
   long sword         [Unskilled]
   two-handed sword   [Unskilled]
   saber              [Unskilled]
   mace               [Unskilled]
   morning star       [Unskilled]
   flail              [Unskilled]
   hammer             [Unskilled]
   quarterstaff       [Unskilled]
   polearms           [Unskilled]
   spear              [Unskilled]
   trident            [Unskilled]
   lance              [Unskilled]
   bow                [Unskilled]
   sling              [Unskilled]
   crossbow           [Unskilled]
   dart               [Skilled]
   shuriken           [Unskilled]
   boomerang          [Unskilled]
   whip               [Unskilled]
   unicorn horn       [Unskilled]
 Spellcasting Skills
   divination spells  [Unskilled]
   enchantment spells [Unskilled]
   escape spells      [Unskilled]

Voluntary challenges:
 Character rerolling was not enabled.
 You never hit with a wielded weapon.
 You never genocided any monsters.
 You never polymorphed an object.
 You never changed form.
 You used no wishes.
Achievements:
 You entered a shop.
 You attained the rank of Sightseer.
 You entered the Gnomish Mines.
 You attained the rank of Excursionist.

 The Dungeons of Doom: levels 1 to 6
    Level 1:
       An altar to The Lady.
    Level 2:
       A potion shop, a fountain, a grave.
    Level 3:
       A ring shop, a fountain.
    Level 4:
       A food shop.
       Stairs down to The Gnomish Mines.
    Level 5:
       Some fountains.
    Level 6: <- You were here.
       Final resting place for
          you, killed by a straw golem, while frozen by a potion.
 The Gnomish Mines:
    Level 5:
       Some graves.
       Final resting place for
          jmcunx-Sam-Hum-Mal-Law, killed by a potion of acid,
          pots164-Kni-Hum-Mal-Law, killed by a homunculus.


Vanquished creatures:
  2 ghosts
  a large mimic
  2 small mimics
  a blue jelly
  5 human zombies
 an imp
  a rock piercer
  a rock mole
  a yellow light
  5 elf zombies
  7 floating eyes
  2 dwarves
  8 orc zombies
  a dwarf zombie
  a wererat
  2 iguanas
  2 acid blobs
  3 gas spores
  3 hobbits
  a large kobold
  3 hobgoblins
  9 giant rats
  3 cave spiders
  a green mold
  a red mold
  4 gnomes
  a garter snake
  2 gnome zombies
 10 geckos
 13 jackals
  5 foxes
  2 kobolds
  6 goblins
  4 sewer rats
  8 grid bugs
  8 lichens
  8 kobold zombies
 11 newts
149 creatures vanquished.

No species were genocided or became extinct.

Game over:
                       ----------
                      /          \
                     /    REST    \
                    /      IN      \
                   /     PEACE      \
                  /                  \
                  |    DiePARTEI     |
                  |      24 Au       |
                  |   killed by a    |
                  |   straw golem    |
                  |                  |
                  |                  |
                  |       2026       |
                 *|     *  *  *      | *
        _________)/\\_//(\/(/\)/\//\/|_)_______

Aloha DiePARTEI the Tourist...

You died in The Dungeons of Doom on dungeon level 6 with 1830 points,
and 24 pieces of gold, after 9661 moves.
You were level 5 with a maximum of 55 hit points when you died.

